 Dungeon Crawl Stone Soup version 0.14-a0-305-g056651f (webtiles) character file.

551 PolkaDot the Chiller (level 6, 0/41 HPs)
             Began as a Vampire Ice Elementalist on Oct 19, 2013.
             Slain by a sky beast (6 damage)
             ... on Level 5 of the Dungeon.
             The game lasted 00:20:30 (3002 turns).

PolkaDot the Chiller (Vampire Ice Elementalist)     Turns: 3002, Time: 00:20:30

HP   0/41        AC  2     Str 12      XL: 6   Next: 22%
MP  10/10        EV 12     Int 19      God:
Gold 231         SH  0     Dex 14      Spells:  1 memorised,  6 levels left

Res.Fire  : . . .   See Invis. : +   e - +0 dagger
Res.Cold  : . . .   Warding    : .   a - +0 robe
Life Prot.: . . .   Conserve   : .   (no shield)
Res.Poison: .       Res.Corr.  : .   (no helmet)
Res.Elec. : .       Clarity    : .   (no cloak)
Sust.Abil.: + .     Spirit.Shd : .   (no gloves)
Res.Mut.  : .       Stasis     : .   (no boots)
Res.Rott. : .       Flight     : .   (no amulet)
Saprovore : . . .                    (no ring)
                                     o - ring of sustain abilities {unknown}

@: regenerating quickly, mighty, slightly resistant to hostile enchantments,
stealthy
A: bottle blood, fangs 3, see invisible, unbreathing
a: Bottle Blood


You were on level 5 of the Dungeon.
You were full.

You visited 1 branch of the dungeon, and saw 5 of its levels.

You collected 211 gold pieces.

Inventory:

Hand weapons
 e - a +0,+0 dagger (weapon)
Armour
 a - a +0 robe (worn)
Magical devices
 i - a wand of invisibility (4)
 r - a wand of paralysis (13)
Scrolls
 d - 4 scrolls of curse armour {unknown}
 g - 2 scrolls of remove curse {unknown}
 h - 2 scrolls of enchant weapon I {unknown}
 j - 4 scrolls of identify {unknown}
 k - a scroll of enchant weapon II {unknown}
 m - a scroll of teleportation {unknown}
 n - a scroll of curse weapon {unknown}
 p - a scroll of recharging {unknown}
Jewellery
 o - a ring of sustain abilities (left hand) {unknown}
Potions
 c - a potion of might
Books
 b - a book of Frost

   Spells                             Type                      Level
   *Freeze                            Ice                          1
   Throw Frost                        Conjuration/Ice              2
   Ozocubu's Armour                   Charms/Ice                   3
   Throw Icicle                       Conjuration/Ice              4
   Summon Ice Beast                   Ice/Summoning                4
   Condensation Shield                Ice                          4
 l - a book of War Chants

   Spells                             Type                      Level
   Fire Brand                         Charms/Fire                  2
   Freezing Aura                      Charms/Ice                   2
   Shroud of Golubria                 Charms/Translocation         2
   Repel Missiles                     Charms/Air                   2
   Poison Weapon                      Charms/Poison                3
   Regeneration                       Charms/Necromancy            3


   Skills:
 - Level 2.1 Dodging
 - Level 3.0 Stealth
 - Level 1.0 Spellcasting
   Level 0.6 Conjurations
 + Level 7.1 Ice Magic


You had 6 spell levels left.
You knew the following spells:

 Your Spells              Type           Power        Failure   Level  Hunger
a - Freeze                Ice            ####         1%          1    ##.....


Dungeon Overview and Level Annotations

Branches:
Dungeon (5/27)
 Temple: D:4-7

Altars:
Vehumet
the Shining One


Innate Abilities, Weirdness & Mutations

Your natural rate of healing is unusually fast.
You can bottle blood from corpses.
You have razor-sharp teeth.*
You have supernaturally acute eyesight.
You can survive without breathing.*


Message History

You feel very mighty all of a sudden.
You miss the sky beast. The sky beast hits you. The sky beast shocks you.
Drink which item? (? for menu, Esc to quit)
You feel better. The sky beast hits you. The sky beast shocks you.
The orc wizard gestures wildly while chanting.
The orc wizard flickers and vanishes for a moment.
You puncture the sky beast!
The sky beast is moderately wounded.
The sky beast hits you. The sky beast shocks you.
* * * LOW HITPOINT WARNING * * *
You miss the sky beast.
The sky beast is moderately wounded.
The sky beast flickers out of sight for a moment.
The sky beast hits you but does no damage.
You slash the sky beast!
The sky beast is heavily wounded.
The sky beast hits you.
* * * LOW HITPOINT WARNING * * *
The sky beast shocks you!
You die...

##############..####..
#........%............
#......#######+##.....
#......# ....<
#....%.# ....
#......######### ...
#...............
#...............
#####@######### #I#
#o# #o# #.# #.# #.#
#.# .........#


You could see a sky beast (invisible) and 2 orc wizards.

Vanquished Creatures
  A sky beast (D:5)
  An orc priest (D:3)
  A worker ant (D:5)
  4 adders
  5 gnolls
  A worm (D:3)
  An ooze (D:1)
  3 orcs (D:3)
  11 bats
  7 giant cockroaches
  7 hobgoblins
  8 jackals (D:3)
  8 kobolds
  3 ball pythons
  5 giant newts
  11 goblins
  11 rats
88 creatures vanquished.

Notes
Turn   | Place    | Note
--------------------------------------------------------------
     0 | D:1      | PolkaDot, the Vampire Ice Elementalist, began the quest for the Orb.
     0 | D:1      | Reached XP level 1. HP: 13/13 MP: 4/4
   231 | D:1      | Reached XP level 2. HP: 14/19 MP: 1/5
   386 | D:1      | Reached skill level 4 in Ice Magic
   591 | D:1      | Reached XP level 3. HP: 24/24 MP: 3/6
  1315 | D:2      | Paralysed by a potion of paralysis for 7 turns
  1422 | D:2      | Reached XP level 4. HP: 10/30 MP: 5/8
  1779 | D:3      | Found a glowing golden altar of the Shining One.
  1805 | D:3      | Reached skill level 5 in Ice Magic
  2240 | D:3      | Reached XP level 5. HP: 35/35 MP: 0/9
  2403 | D:3      | Found a radiant altar of Vehumet.
  2631 | D:3      | Reached skill level 6 in Ice Magic
  2851 | D:5      | Entered Level 5 of the Dungeon
  2917 | D:5      | Noticed a sky beast
  2925 | D:5      | Killed a sky beast
  2925 | D:5      | Reached skill level 7 in Ice Magic
  2925 | D:5      | Reached XP level 6. HP: 16/41 MP: 4/10
  2989 | D:5      | Noticed a sky beast
  3002 | D:5      | Slain by a sky beast

Action                   |  1- 3 |  4- 6 || total
-------------------------+-------+-------++-------
Melee: Dagger            |    83 |    59 ||   142
 Cast: Freeze            |    41 |    70 ||   111
Evoke: Wand              |     1 |     1 ||     2
  Use: Potion            |     7 |     6 ||    13
       Scroll            |       |     2 ||     2
 Stab: Sleeping          |     4 |     5 ||     9
       Paralysed         |       |     1 ||     1
